 Dungeon Crawl Stone Soup version 0.23-a0-629-gae4348f (webtiles) character file.

50 Lanoc the Poker (level 3, 0/42 HPs)
             Began as a Merfolk Skald on Dec 25, 2018.
             Succumbed to an adder's poison
             ... on level 2 of the Dungeon.
             The game lasted 00:02:47 (1113 turns).

Lanoc the Poker (Merfolk Skald)                     Turns: 1113, Time: 00:02:47

Health: 0/42       AC: 21    Str: 10 (11) XL:     3   Next: 79%
Magic:  3/6        EV:  2    Int: 12 (13) God:
Gold:   39         SH:  0    Dex: 10 (13) Spells: 0/6 levels left

rFire    . . .     SeeInvis .   a - +0 spear
rCold    . . .     Gourm    .   (no shield)
rNeg     + + +     Faith    .   (armour currently unavailable)
rPois    +         Spirit   .   (helmet currently unavailable)
rElec    .         Reflect  .   (cloak currently unavailable)
rCorr    .         Harm     .   (gloves currently unavailable)
MR       .....     NoTele   +   (boots currently unavailable)
Stlth    +.........             (no amulet)
HPRegen  0.14/turn              (no ring)
MPRegen  0.10/turn              (no ring)

@: lethally poisoned (0 -> -5), tree-form, infused (expiring)
A: (change form in water), (swift swim), (stealthy swim)
a: no special abilities


You were on level 2 of the Dungeon.
You were not hungry.
You were a tree.
You visited 1 branch of the dungeon, and saw 2 of its levels.

You collected 39 gold pieces.

Inventory:

Hand Weapons
 a - a +0 spear (weapon)
Armour
 b - a +0 leather armour (melded)
Scrolls
 f - a scroll of enchant weapon
 h - 2 scrolls of fear
 k - a scroll of noise {unknown}
Potions
 g - 2 potions of degeneration
Comestibles
 d - 2 rations


   Skills:
 + Level 2.6 Fighting
 * Level 4.2 Polearms
 - Level 0.6 Armour
 + Level 3.2 Dodging
 + Level 2.2 Spellcasting
 + Level 3.6 Charms


You couldn't memorise any spells.
You knew the following spells:

 Your Spells              Type           Power        Failure   Level  Hunger
a - Infusion              Chrm           ##..         6%          1    ##.....
b - Song of Slaying       Chrm           ##......     9%          2    ###....
c - Regeneration          Chrm/Necr      #.........   36%         3    ####...

Your spell library contained the following spells:

 Spells                   Type           Power        Failure   Level  Hunger
 Shroud of Golubria       Chrm/Tloc      #.........   19%         2    ###....
 Spectral Weapon          Hex/Chrm       #.......     36%         3    ####...


Dungeon Overview and Level Annotations

Branches:
Dungeon (2/15)

Altars:


Message History

You hit the adder!
You kill the adder!
* * * LOW HITPOINT WARNING * * *
You feel sick.
* * * LOW HITPOINT WARNING * * *
You feel sick.
* * * LOW HITPOINT WARNING * * *
You feel sick.
As you read the scroll labeled UNIOFE ETHONOTZ, it crumbles to dust.
You feel a strange sense of stasis.
It was a scroll of teleportation.
As you read the scroll labeled WANWEF UCLOI, it crumbles to dust.
It is a scroll of identify.
f - a scroll of enchant weapon
* * * LOW HITPOINT WARNING * * *
You feel sick.
As you read the scroll labeled ZIXAMO KUEWK, it crumbles to dust.
You assume a fearsome visage.
Nothing appears to happen.
It was a scroll of fear.
Your magical infusion is running out.
You die...

#..#.#..# .
#..#....# .
######..##...#
#.......##...#
#.####.......#
#.############
#...........
#.#...#...#.
#...♣.......
###...#...#.
#..........
###########


There were no monsters in sight!

Vanquished Creatures
  2 adders (D:2)
  An ooze (D:1)
  2 leopard geckos (D:1)
  2 bats (D:1)
  4 goblins
  4 hobgoblins (D:1)
  2 ball pythons (D:1)
  2 frilled lizards
  5 kobolds (D:1)
  4 rats (D:1)
28 creatures vanquished.

Notes
Turn   | Place    | Note
-------+----------+-------------------------------------------
     0 | D:1      | Lanoc the Merfolk Skald began the quest for the Orb.
     0 | D:1      | Reached XP level 1. HP: 16/16 MP: 3/3
   318 | D:1      | Reached XP level 2. HP: 23/23 MP: 5/5
   581 | D:1      | Reached XP level 3. HP: 12/28 MP: 2/6
   807 | D:1      | Learned a level 2 spell: Song of Slaying
   811 | D:1      | Learned a level 3 spell: Regeneration
  1069 | D:2      | Reached skill level 4 in Polearms
  1109 | D:2      | HP: 2/42 [poisoned by an adder]
  1113 | D:2      | Succumbed to an adder's poison

Vault maps used:
D:1:      co_arrival_square_in_a_square_in_a_square, grunt_decor_clamped
D:2:      lemuel_coloured_pillars_altar, grunt_temple_overflow_open,
          minmay_misc_feat_plants

Skill      XL: |  1  2  3 |
---------------+----------+-----
Dodging        | 3 |  3.2
Polearms       | 4 |  4.2
Fighting       | |  2.6
Armour         | |  0.6
Spellcasting   | |  2.2
Charms         | |  3.6

Action                   || total
-------------------------++-------
Melee: Spear             ||   112
 Cast: Infusion          ||     7
  Use: Scroll            ||     3
       Potion            ||     2
 Stab: Sleeping          ||     2
  Eat: Chunk             ||     1
Armor: Leather armour    ||    12
       Skin              ||     1
Dodge: Dodged            ||    41

Table legend:
 A = Non-vault XP
 B = Vault XP
 C = Vault XP percentage of total XP
 D = Non-vault monster count
 E = Vault monster count
 F = Vault count percentage of total count
                 A         B        C        D         E       F
            +---------+---------+-------+---------+---------+-------
      Total |      72 |       0 |   0.0 |      28 |       0 |   0.0
            +---------+---------+-------+---------+---------+-------
        D:1 |      43 |       0 |   0.0 |      24 |       0 |   0.0
        D:2 |      29 |       0 |   0.0 |       4 |       0 |   0.0
            +---------+---------+-------+---------+---------+-------
